 Dungeon Crawl Stone Soup version 0.27-a0-1217-g8a41f320e8 (webtiles) character file.

Game seed: 10187584388824130765

47502 hatdisgam the Carver (level 14, 0/121 HPs)
             Began as a Naga Ice Elementalist on June 6, 2021.
             Was the Champion of Cheibriados.
             Drowned by a drowned soul (17 damage)
             ... summoned by a merfolk avatar
             ... on level 6 of the Lair of Beasts.
             The game lasted 00:49:16 (24081 turns).

hatdisgam the Carver (Naga Ice Elementalist)       Turns: 24081, Time: 00:49:17

Health: 0/121      AC: 16    Str: 31    XL:     14   Next: 42%
Magic:  32/32      EV: 13    Int: 40    God:    Cheibriados [******]
Gold:   1036       SH: 13    Dex: 28    Spells: 5/20 levels left

rFire    . . .     SeeInvis +   a - +2 long sword (vorpal)
rCold    . . .     Faith    .   X - +0 kite shield
rNeg     + . .     Spirit   .   d - +6 ring mail "Bafiung" {rN+ Str+5}
rPois    +         Reflect  .   r - +0 helmet
rElec    .         Harm     .   P - scarf {repulsion}
rCorr    .         Rampage  .   S - +0 pair of gloves
Will     +....                  (no barding)
Stlth    ++........             J - amulet of magic regeneration
HPRegen  0.30/turn              m - +6 ring of intelligence
MPRegen  0.48/turn              F - ring of magical power

@: about to teleport, mesmerised, repel missiles, very slow
A: AC +4, large, see invisible, deformed body, poison resistance, slowness 2,
spit poison 1, naga tail 2
a: Spit Poison, Renounce Religion, Bend Time, Temporal Distortion, Slouch, Step
From Time


You were on level 6 of the Lair of Beasts.
You worshipped Cheibriados.
Cheibriados was exalted by your worship.
You visited 3 branches of the dungeon, and saw 17 of its levels.
You also visited: Ossuary.

You collected 1036 gold pieces.

Inventory:

Hand Weapons
 a - a +2 vorpal long sword (weapon)
 V - a +2 dagger of venom
Missiles
 z - 10 curare-tipped darts
Armour
 d - the +6 ring mail "Bafiung" (worn) {rN+ Str+5}
   (You found it on level 6 of the Dungeon)

   It affects your strength (+5).
   It protects you from negative energy.
 r - a +0 helmet (worn)
 P - a scarf of repulsion (worn)
 S - a +0 pair of gloves (worn)
 W - +0 gold dragon scales
 X - a +0 kite shield (worn)
Magical Staves
 b - a staff of cold
Jewellery
 m - a +6 ring of intelligence (left hand)
 o - a ring of wizardry
 F - a ring of magical power (right hand)
 J - an amulet of magic regeneration (around neck)
 Y - a ring of see invisible
Wands
 i - a wand of acid (7)
 t - a wand of flame (49)
 B - a wand of paralysis (12)
 C - a wand of iceblast (13)
Scrolls
 e - a scroll of blinking
 f - a scroll of enchant weapon
 g - 3 scrolls of immolation
 h - 3 scrolls of fog
 l - 3 scrolls of magic mapping
 n - 2 scrolls of holy word
 p - 3 scrolls of enchant armour
 w - a scroll of torment
 x - 4 scrolls of teleportation
 y - a scroll of summoning
 D - a scroll of brand weapon
 K - a scroll of silence
 U - a scroll of identify
 Z - a scroll of fear
Potions
 j - 13 potions of curing
 k - 3 potions of brilliance {unknown}
 s - 2 potions of mutation {unknown}
 v - 2 potions of berserk rage {unknown}
 A - 4 potions of might {unknown}
 H - 2 potions of flight {unknown}
 I - a potion of attraction {unknown}
 L - a potion of cancellation {unknown}
 M - 2 potions of lignification {unknown}
 N - 2 potions of degeneration {unknown}
 O - a potion of ambrosia {unknown}
 Q - 3 potions of magic
 R - a potion of haste {unknown}
Miscellaneous
 c - a phial of floods


   Skills:
 - Level 6.6 Fighting
 * Level 12.6 Long Blades
 - Level 5.4 Armour
 - Level 5.9 Dodging
 - Level 3.0 Stealth
 + Level 5.8 Shields
 - Level 3.8 Spellcasting
 + Level 4.8 Conjurations
 - Level 2.0 Translocations
 - Level 6.6 Ice Magic
 - Level 8.6 Air Magic
 - Level 12.2 Invocations


You had 5 spell levels left.
You knew the following spells:

 Your Spells              Type           Power      Damage    Failure   Level
a - Freeze                Ice            100%       1d11      1%          1
b - Frozen Ramparts       Ice            100%       1d12      1%          3
c - Hailstorm             Conj/Ice       52%        3d12      9%          4
d - Lightning Bolt        Conj/Air       28%        1d45      16%         5
e - Blink                 Tloc           N/A        N/A       6%          2

Your spell library contained the following spells:

 Spells                   Type           Power      Damage    Failure   Level
 Shock                    Conj/Air       100%       1d9       1%          1
 Static Discharge         Conj/Air       57%        N/A       1%          2
 Ozocubu's Armour         Ice            57%        N/A       1%          3
 Swiftness                Air            67%        N/A       1%          3
 Airstrike                Air            33%        N/A       2%          4
 Ensorcelled Hibernation  Hex/Ice        68%        N/A       3%          2
 Animate Skeleton         Necr           14%        N/A       9%          1
 Pain                     Necr           28%        1d5       9%          1
 Gell's Gravitas          Tloc           12%        N/A       12%         3
 Lesser Beckoning         Tloc           12%        N/A       12%         3
 Teleport Other           Tloc           24%        N/A       12%         3
 Vampiric Draining        Necr           3%         2d6       26%         3
 Silence                  Hex/Air        21%        N/A       38%         5
 Metabolic Englaciation   Hex/Ice        17%        N/A       54%         5
 Animate Armour           Summ/Erth      14%        N/A       65%         4
 Animate Dead             Necr           3%         N/A       65%         4
 Manifold Assault         Tloc           24%        N/A       71%         5
 Agony                    Necr           7%         N/A       94%         5
 Borgnjor's Vile Clutch   Necr/Erth      3%         N/A       94%         5
 Shadow Creatures         Summ           N/A        N/A       100%        6


Dungeon Overview and Level Annotations

Branches:
Dungeon (10/15)            Temple (1/1) D:4            Lair (6/6) D:9
 Shoals (0/4) Lair:2        Snake (0/4) Lair:4          Orc (0/2) D:9
Ossuary (visited)
  Slime: Lair:5-6

Altars:
Ashenzari
Cheibriados
Elyvilon
Fedhas
Gozag
Hepliaklqana
Kikubaaqudgha
Makhleb
Nemelex Xobeh
Ru
Sif Muna
Trog
Uskayaw
Vehumet
Wu Jian
Xom
Yredelemnul
The Shining One

Shops:
D:2 [:=

Annotations:
D:8 3 runed translucent doors, Strat's ghost, novice DEVM
Lair:1 1 runed translucent door
Lair:3 1 runed translucent door, robertstho's ghost, journeyman TeHu


Innate Abilities, Weirdness & Mutations

Your serpentine skin is tough. (AC +4)
You have supernaturally acute eyesight. (SInv)
Armour fits poorly on your strangely shaped body.
Your system is resistant to poisons. (rPois)
You cover ground very slowly.
You can spit poison.
You can use your snake-like lower body to constrict enemies.


Message History

Unknown command.
The merfolk avatar chants its luring song.
The drowned soul touches you. The drowned soul drowns you!
The merfolk avatar chants its luring song.
You see here an elephant corpse.
You hit the drowned soul.
The drowned soul is moderately damaged.
The merfolk avatar chants its luring song.
You block the drowned soul's attack.
You slash the drowned soul!
The drowned soul is severely damaged.
The drowned soul touches you. The drowned soul drowns you!
You are too injured to fight recklessly!
The drowned soul returns to the deep!
The pull of its song draws you forwards.
The merfolk avatar chants its luring song. x4
Found a short sword.
You enter the shallow water.
Moving in this stuff is going to be slow.
The drowned soul touches you. The drowned soul drowns you!
The merfolk avatar chants its luring song. x2
You block the drowned soul's attack.
The merfolk avatar chants its luring song.
The drowned soul touches you. The drowned soul drowns you!
* * * LOW HITPOINT WARNING * * *
Found a scroll of identify, 162 gold pieces and a shiny helmet.
As you read the scroll of teleportation, it crumbles to dust.
You feel strangely unstable.
The pull of its song draws you forwards.
You block the drowned soul's attack.
The merfolk avatar chants its luring song.
Found a pearl ring, a runed trident, a ring mail and a runed dagger.
You barely miss the merfolk avatar. You grab the merfolk avatar.
You constrict the merfolk avatar! The drowned soul touches you.
* * * LOW HITPOINT WARNING * * *
The drowned soul drowns you!
* * * LOW HITPOINT WARNING * * *
The merfolk avatar chants its luring song.
The drowned soul touches you. The drowned soul drowns you!
You die...

.........≈##≈≈#≈≈≈P≈≈≈P≈≈≈
#≈≈#.÷
.........≈##P≈#≈≈≈≈≈≈≈≈≈≈≈
#≈≈.#≈
.........≈≈≈≈≈#.≈≈≈≈≈≈≈≈≈≈
#≈≈≈≈.
÷÷.......≈≈≈≈≈###########
#≈≈≈≈≈
.÷÷......≈##≈≈#8≈≈≈≈≈≈≈≈
#≈≈.#≈
##.......≈.#≈≈#≈≈≈≈≈≈≈≈≈
#≈≈##≈
.........≈≈≈≈†#≈≈≈≈≈≈≈≈≈
#≈≈≈≈≈
..........≈≈≈≈.≈≈#≈=)[)≈
#≈≈≈≈.
........^≈#(≈≈#≈@m≈!≈≈?≈
≈≈.#.
..........##≈≈#≈≈≈P?WW$≈
≈≈##.
#........≈≈≈≈≈#≈≈≈≈}=)[≈
≈.
##.......≈≈≈≈≈#≈≈≈≈≈≈≈≈≈
≈.
##.......≈.#≈≈#≈≈≈≈≈≈≈≈P
..
.........≈.#≈≈#8≈≈≈≈≈≈≈≈
..
..........≈≈≈≈#####≈≈≈≈# ≈
..........≈≈≈≈ ≈≈≈≈≈
..........##≈≈# ≈≈88≈


You could see a merfolk avatar (mesmerising) and 2 drowned souls.

Vanquished Creatures
  A dire elephant (Lair:6)
  Fannar (Lair:2)
  2 boulder beetles
  4 hydras
  A catoblepas (Lair:6)
  7 death yaks
  2 sea snakes
  Pikel (D:6)
  11 elephants
  A manticore (Lair:6)
  8 black mambas
  11 cane toads
  5 rime drakes
  Psyche (D:8)
  15 komodo dragons
  2 polar bears (Lair:6)
  2 hornets
  16 blink frogs
  2 shadows (D:9)
  44 yaks
  10 wyverns
  4 fire bats (Lair:1)
  A basilisk (Lair:3)
  Grum (D:8)
  2 two-headed ogre zombies (D:9)
  Menkaure (D:6)
  20 water moccasins
  4 orc warriors
  A necrophage (D:5)
  An ice beast (D:8)
  A sky beast (D:7)
  A hornet zombie (Ossuary)
  2 ogres
  9 wolves
  5 centaurs
  A phantom (D:5)
  A kobold brigand (D:9)
  9 bullfrogs
  2 scorpions
  2 wyvern zombies (Ossuary)
  2 water moccasin zombies
  2 water moccasin skeletons (D:6)
  A howler monkey (D:6)
  7 centaur zombies
  2 hounds
  A centaur skeleton (D:5)
  11 orc priests
  Crazy Yiuf (D:3)
  4 iguanas
  8 orc wizards
  4 killer bee zombies
  6 ogre zombies (D:9)
  A hound skeleton (D:4)
  15 mummies
  2 howler monkey zombies
  2 howler monkey skeletons
  8 adders
  A shadow imp (D:6)
  2 white imps
  An ufetubus (D:5)
  A worm (D:2)
  2 dart slugs
  37 orcs
  5 endoplasms
  7 giant cockroaches
  8 goblins
  7 hobgoblins
  6 jackals
  14 kobolds
  6 quokkas
  12 ball pythons
  6 bats
  5 frilled lizards
  2 goblin skeletons (D:9)
  2 goblin zombies (D:9)
  3 hobgoblin zombies
  3 orc skeletons (D:9)
  17 orc zombies
  6 rats
  A plant (Lair:2)
446 creatures vanquished.

Vanquished Creatures (others)
  34 fungi
  83 plants
  12 withered plants (Ossuary)
129 creatures vanquished.

Grand Total: 575 creatures vanquished

Notes
Turn   | Place    | Note
-------+----------+-------------------------------------------
     0 | D:1      | hatdisgam the Naga Ice Elementalist began the quest for the
                  | Orb.
     0 | D:1      | Reached XP level 1. HP: 15/15 MP: 3/3
    79 | D:1      | Reached XP level 2. HP: 12/22 MP: 1/5
   940 | D:1      | Reached XP level 3. HP: 9/28 MP: 4/6
  1565 | D:2      | Found Enganyen's Jewellery Shop.
  1974 | D:2      | Found Zahablent's Book Shop.
  1994 | D:2      | Found Jacvoh's Antique Armour Emporium.
  2028 | D:2      | Learned a level 3 spell: Frozen Ramparts
  2235 | D:2      | Reached skill level 5 in Ice Magic
  2438 | D:3      | Reached XP level 4. HP: 36/36 MP: 5/8
  2697 | D:3      | Reached XP level 5. HP: 42/42 MP: 9/9
  3073 | D:3      | Learned a level 4 spell: Hailstorm
  3632 | D:3      | Found a runed translucent door.
  3633 | D:3      | Noticed Crazy Yiuf
  3639 | D:3      | Killed Crazy Yiuf
  3739 | D:4      | Found a staircase to the Ecumenical Temple.
  3755 | Temple   | Entered the Ecumenical Temple
  3881 | Temple   | Became a worshipper of Cheibriados the Contemplative
  4076 | D:4      | Noticed an ogre
  4087 | D:4      | Killed an ogre
  4088 | D:4      | Reached XP level 6. HP: 28/49 MP: 3/11
  4240 | D:4      | Found an ancient bone altar of Kikubaaqudgha.
  4519 | D:4      | Reached * piety under Cheibriados
  4848 | D:4      | Found a white marble altar of Elyvilon.
  5095 | D:5      | Entered Level 5 of the Dungeon
  5153 | D:5      | Reached skill level 1 in Fighting
  5153 | D:5      | Reached skill level 1 in Conjurations
  5282 | D:5      | Reached XP level 7. HP: 50/57 MP: 12/12
  5933 | D:6      | Reached XP level 8. HP: 69/69 MP: 13/13
  6086 | D:6      | Reached ** piety under Cheibriados
  6118 | D:6      | Identified the +6 ring mail "Bafiung" {rN+ Str+5}
  6442 | D:6      | Reached skill level 1 in Armour
  6910 | D:6      | Noticed Menkaure
  6918 | D:6      | Killed Menkaure
  7336 | D:7      | Noticed Pikel
  7336 | D:7      | Noticed a yak
  7338 | D:7      | Noticed a yak
  7344 | D:6      | Killed Pikel
  7345 | D:6      | Reached XP level 9. HP: 57/76 MP: 7/14
  7625 | D:7      | Reached skill level 5 in Dodging
  8245 | D:7      | Reached skill level 5 in Armour
  8369 | D:7      | Reached *** piety under Cheibriados
  8580 | D:7      | Found a sacrificial altar of Ru.
  8581 | D:7      | Found a burning altar of Makhleb.
  9068 | D:8      | Noticed Psyche
  9078 | D:8      | Killed Psyche
  9157 | D:8      | Found a runed translucent gate.
  9157 | D:8      | Found a runed translucent gate.
  9159 | D:8      | Found a runed translucent gate.
  9160 | D:8      | Noticed Strat's ghost (novice DEVM)
  9165 | D:8      | Noticed Grum
  9170 | D:8      | Killed Grum
  9171 | D:8      | Reached XP level 10. HP: 75/85 MP: 7/15
  9206 | D:8      | Found a sand-covered staircase.
  9215 | Ossuary  | Entered an ossuary
  9579 | Ossuary  | Reached **** piety under Cheibriados
  9852 | Ossuary  | Reached skill level 5 in Long Blades
  9921 | Ossuary  | Reached skill level 5 in Fighting
 10476 | D:8      | Found a shimmering altar of Xom.
 11403 | D:8      | Learned a level 5 spell: Lightning Bolt
 11482 | D:9      | Found a staircase to the Lair.
 11569 | D:9      | Reached skill level 1 in Air Magic
 11569 | D:9      | Reached skill level 1 in Invocations
 11586 | D:9      | Noticed a +0 dagger
 11586 | D:9      | Noticed a +0 dagger
 11589 | D:9      | Found a hide-covered altar of Uskayaw.
 11606 | D:9      | Reached ***** piety under Cheibriados
 12105 | D:9      | Found a staircase to the Orcish Mines.
 12542 | D:9      | Reached XP level 11. HP: 87/97 MP: 16/16
 13041 | D:10     | Entered Level 10 of the Dungeon
 13317 | D:10     | Noticed a six-headed hydra
 13590 | Lair:1   | Entered Level 1 of the Lair of Beasts
 13649 | Lair:1   | Found a runed translucent door.
 13746 | Lair:1   | Reached ****** piety under Cheibriados
 14117 | Lair:1   | Noticed an eight-headed hydra
 14364 | Lair:1   | Reached skill level 5 in Air Magic
 14714 | Lair:1   | Noticed a six-headed hydra
 14878 | Lair:2   | Noticed Fannar
 14892 | Lair:2   | Reached skill level 5 in Invocations
 14893 | Lair:2   | Killed Fannar
 15131 | Lair:2   | Found a staircase to the Shoals.
 15847 | Lair:3   | Reached XP level 12. HP: 94/106 MP: 18/18
 16081 | Lair:3   | Reached skill level 10 in Invocations
 16757 | Lair:3   | Noticed a death yak
 16757 | Lair:3   | Noticed a death yak
 16757 | Lair:3   | Noticed a death yak
 16758 | Lair:3   | Noticed a death yak
 16768 | Lair:3   | Killed a death yak
 16769 | Lair:3   | Killed a death yak
 16770 | Lair:3   | Killed a death yak
 16778 | Lair:3   | Killed a death yak
 17127 | Lair:3   | Found a runed translucent door.
 17229 | Lair:3   | Noticed robertstho's ghost (journeyman TeHu)
 17758 | Lair:4   | Reached skill level 1 in Shields
 17933 | Lair:4   | Found a staircase to the Snake Pit.
 18048 | Lair:4   | Gained mutation: You can use your snake-like lower body to
                  | constrict enemies. [Naga growth]
 18048 | Lair:4   | Reached XP level 13. HP: 105/114 MP: 22/22
 18965 | Lair:4   | Learned a level 2 spell: Blink
 19301 | Lair:4   | Reached skill level 1 in Translocations
 19528 | Lair:5   | Reached skill level 10 in Long Blades
 21040 | Lair:6   | Entered Level 6 of the Lair of Beasts
 22116 | Lair:6   | Noticed a dire elephant
 22144 | Lair:6   | HP: 5/114 [dire elephant (29)]
 22145 | Lair:6   | HP: 2/114 [dire elephant (32)]
 22150 | Lair:6   | Killed a dire elephant
 22800 | Lair:5   | Reached XP level 14. HP: 121/121 MP: 23/23
 22820 | Lair:6   | Reached skill level 5 in Shields
 24081 | Lair:6   | Drowned by a drowned soul

Illustrated notes

Levels and vault maps discovered:
D:1:      lightli_arrival_maybe_door_vault, layout_basic, serial_bayou_crossing
D:2:      layout_basic, serial_shops, shop, shop, shop, chequers_avenue
D:3:      minmay_octagon_keep, layout_basic, grunt_ministairs_14,
          uniq_crazy_yiuf_cottage
D:4:      layout_loops_ring, kiku_gazebo_garden_becter,
          nicolae_elyvilon_peaceful_grove, minmay_temple_entry_antechambers
D:5:      layout_rooms
D:6:      layout_gridville, uniq_menkaure
D:7:      layout_cave_pools, gammafunk_temple_overflow_pools,
          corexii_corridor_pit, nrook_campfire, uniq_pikel
D:8:      layout_basic, old_standard_altar, gammafunk_ghost_spectres,
          nicolae_ossuary_entry_giza, enter_bailey_6, chequers_decorated_corner,
          uniq_grum, uniq_psyche
D:9:      layout_layer_cave, dancing_weapons_uskayaw, lair_entry_dummy,
          zombieorc2_lemuel
D:10:     layout_loops_ring, uniq_nergalle, uniq_erolcha
Temple:   regret_index_temple_sphere_string
Lair:1:   layout_gridlike, basic_altar, ebering_ghost_inner_flame,
          chequers_serial_rivers_micro_d, wad_woods_06, st_stairs_3,
          beast_lair_carwin_2, serial_bayou_shore_a
Lair:2:   layout_loops_ring, shoals_dummy_entry,
          grunt_forest_small_clearing_treed, serial_bayou_shore_b,
          lemuel_fruit_fields, uniq_fannar
Lair:3:   layout_cave_pods, ebering_ghost_reflecting_pool,
          chequers_serial_rivers_micro_b, grunt_megastairs_4
Lair:4:   wander_river, layout_long_grid, minmay_snake_entry_six_corridors,
          nicolae_lair_grove_arrangements
Lair:5:   layout_big_grid, infiniplex_staircase_pool, grunt_megastairs_1,
          serial_bayou_shore_b
Lair:6:   gammafunk_lair_ancient_temple, layout_regular_city,
          minmay_slime_entry_oklob_enclosed, nicolae_lair_yak_garden

Skill      XL: |  1  2  3  4  5  6  7  8  9 10 11 12 13 14 |
---------------+-------------------------------------------+-----
Ice Magic      | 5 6 |  6.6
Spellcasting   | 3 |  3.8
Fighting       | 1 3 4 6 |  6.6
Conjurations   | 2 4 |  4.8
Dodging        | 4 5 |  5.9
Armour         | 3 5 |  5.4
Long Blades    | 3 7 8 9 11 12 | 12.6
Air Magic      | 3 5 6 7 8 |  8.6
Invocations    | 2 8 12 | 12.2
Shields        | 2 4 5 |  5.8
Translocations | 2 |  2.0
Stealth        | |  3.0

Action                   |  1- 3 |  4- 6 |  7- 9 | 10-12 | 13-15 || total
-------------------------+-------+-------+-------+-------+-------++-------
Melee: Club              |     9 |       |       |       |       ||     9
       Mace              |    56 |   100 |   132 |   146 |       ||   434
       Falchion          |       |       |       |   175 |       ||   175
       Dagger            |       |       |       |    49 |       ||    49
       Long sword        |       |       |       |   170 |   335 ||   505
       Constrict         |       |       |       |       |    73 ||    73
       Staff             |       |       |       |       |     1 ||     1
 Cast: Freeze            |    24 |    12 |    25 |    65 |    22 ||   148
       Frozen Ramparts   |       |     9 |    11 |    32 |    18 ||    70
       Hailstorm         |       |       |    10 |    32 |    15 ||    57
       Lightning Bolt    |       |       |       |     1 |       ||     1
Invok: Slouch            |       |       |       |       |     3 ||     3
       Step From Time    |       |       |       |       |     1 ||     1
 Abil: Spit Poison       |    12 |     8 |     7 |     5 |     1 ||    33
Evoke: Wand              |       |       |       |     1 |       ||     1
  Use: Scroll            |       |       |    10 |     8 |     5 ||    23
       Potion            |       |       |       |     1 |     3 ||     4
 Stab: Sleeping          |     8 |     3 |     4 |     6 |     5 ||    26
       Distracted        |       |       |     1 |       |     1 ||     2
Armor: Robe              |    16 |    38 |    27 |       |       ||    81
       Ring mail         |       |       |    98 |   402 |   167 ||   667
Dodge: Dodged            |    46 |    80 |   130 |   472 |   194 ||   922
       Repelled          |       |       |       |     4 |       ||     4
Block: Kite shield       |       |       |       |       |   252 ||   252
       Rpst.: Falchion   |       |       |       |    22 |       ||    22
       Long sword        |       |       |       |    57 |    45 ||   102

Table legend: (Time is in decaauts)
 A = Elapsed time spent in this place.
 B = Non-inter-level travel time spent in this place.
 C = Inter-level travel time spent in this place.
 D = Time resting spent in this place.
 E = Time spent auto-exploring this place.
 F = Levels seen in this place.
 G = Mean time per level.
                   A        B        C        D        E       F      G
               +--------+--------+--------+--------+--------+-----+--------+
         Total |  37386 |  35610 |   1776 |   4828 |  26157 |  18 | 2077.0 |
       Dungeon |  18241 |  17210 |   1031 |   1565 |  13403 |  10 | 1824.1 |
        Temple |    219 |    133 |     86 |      0 |    130 |   1 |  219.0 |
          Lair |  17422 |  16763 |    659 |   2695 |  11981 |   6 | 2903.7 |
       Ossuary |   1502 |   1502 |      0 |    568 |    642 |   1 | 1502.0 |
               +--------+--------+--------+--------+--------+-----+--------+

Top non-repeatable levels by time:
  Lair:5: 4105 daAuts
  Lair:3: 3454 daAuts
     D:6: 3329 daAuts
     D:9: 3313 daAuts
  Lair:4: 3309 daAuts
  Lair:6: 2587 daAuts
  Lair:2: 2312 daAuts
     D:8: 2174 daAuts
     D:4: 1933 daAuts
     D:3: 1761 daAuts
     D:1: 1693 daAuts
  Lair:1: 1653 daAuts
 Ossuary: 1502 daAuts
     D:7: 1322 daAuts
     D:5: 1197 daAuts
